 Dungeon Crawl Stone Soup version 0.25-a0-942-g87a53962fc (webtiles) character file.

Game seed: 8817802949341027368, levelgen mode: classic

170 Amnesiac the Conjurer (level 5, -1/42 HPs)
             Began as a Deep Elf Wizard on May 7, 2020.
             Succumbed to an orc's poison
             ... on level 4 of the Dungeon.
             The game lasted 00:06:27 (1699 turns).

Amnesiac the Conjurer (Deep Elf Wizard)             Turns: 1699, Time: 00:06:27

Health: -1/42      AC: 22    Str:  3 (4)  XL:     5   Next: 25%
Magic:  0/14       EV:  2    Int: 23 (24) God:
Gold:   90         SH:  0    Dex: 11 (13) Spells: 3/13 levels left

rFire    + . .     SeeInvis .   a - +3 dagger (drain)
rCold    + . .     Gourm    .   (no shield)
rNeg     + + +     Faith    .   (armour currently unavailable)
rPois    +         Spirit   .   (helmet currently unavailable)
rElec    +         Reflect  .   (cloak currently unavailable)
rCorr    +         Harm     +   (gloves currently unavailable)
MR       .....     NoTele   +   (boots currently unavailable)
Stlth    ++........             f - amulet of harm
HPRegen  0.14/turn              (no ring)
MPRegen  0.14/turn              (no ring)

@: lethally poisoned (-1 -> -40), tree-form, resistant
A: no striking features
a: no special abilities


You were on level 4 of the Dungeon.
You were not hungry.
You were a tree.
You visited 1 branch of the dungeon, and saw 4 of its levels.

You collected 90 gold pieces.

Inventory:

Hand Weapons
 a - a +3 dagger of draining (weapon)
Armour
 e - a +2 pair of gloves (melded)
 i - a +0 robe (melded)
 m - a scarf of cloud immunity
Jewellery
 f - an amulet of harm (around neck)
Wands
 n - a wand of acid (8)
Scrolls
 g - a scroll of immolation {!r}
Potions
 c - a potion of lignification {!q}
Comestibles
 d - 4 rations
 j - 7 chunks of flesh


   Skills:
 + Level 0.4 Fighting
 + Level 3.2 Dodging
 - Level 3.0 Stealth
 + Level 4.7 Spellcasting
 * Level 4.8 Conjurations
 - Level 1.1 Summonings
 - Level 1.1 Translocations


You had 3 spell levels left.
You knew the following spells:

 Your Spells              Type           Power        Failure   Level  Hunger
a - Magic Dart            Conj           ####         1%          1    None
b - Call Imp              Summ           ##......     10%         2    None
e - Slow                  Hex            #.......     14%         2    None
s - Conjure Flame         Conj/Fire      ###.....     11%         3    ##.....
v - Blink                 Tloc           N/A          10%         2    None

Your spell library contained the following spells:

 Spells                   Type           Power        Failure   Level  Hunger
 Beastly Appendage        Tmut           #.....       10%         1    None
 Sticks to Snakes         Tmut           #.......     14%         2    None
 Mephitic Cloud           Conj/Pois/Air  ##......     16%         3    ##.....
 Spider Form              Tmut/Pois      #.........   28%         3    ##.....
 Ice Form                 Ice/Tmut       #.......     67%         4    ####...
 Blade Hands              Tmut           #.........   95%         5    #####..


Dungeon Overview and Level Annotations

Branches:
Dungeon (4/15)
 Temple: D:4-7

Altars:
Okawaru
Ru
Trog
Xom


Message History

A bullfrog skeleton comes into view.
* * * LOW HITPOINT WARNING * * *
You feel sick.
The orc throws a poisoned dart.
The poisoned dart hits you!
You are lethally poisoned!
Your magical contamination has completely faded away.
Unknown command.
* * * LOW HITPOINT WARNING * * *
You feel sick.
The orc throws a poisoned dart.
The poisoned dart hits you!
You are more poisoned.
Unknown command.
What are your orders? t - Creak!
Orders for allies: a - Attack new target. r - Retreat! s - Stop attacking. g - Guard the area. f - Follow me.
Anything else - Cancel.
You creak for attention!
* * * LOW HITPOINT WARNING * * *
You feel sick.
The orc throws a poisoned dart.
The poisoned dart hits you!
You are more poisoned.
Really read
l - a scroll labeled LESOAGH VIEFE {!r}?
As you read the scroll labeled LESOAGH VIEFE {!r}, it crumbles to dust.
You feel a strange sense of stasis.
It was a scroll of teleportation {!r}.
* * * LOW HITPOINT WARNING * * *
You feel very sick.
The orc throws a poisoned dart.
The poisoned dart hits you!
You are more poisoned.
Okay, then.
You cannot move.
You cannot move.
Okay, then.
Really read
o - a scroll labeled WANIGIENLUO {!r}?
As you read the scroll labeled WANIGIENLUO {!r}, it crumbles to dust.
You feel blessed for a moment.
It was a scroll of remove curse {!r}.
* * * LOW HITPOINT WARNING * * *
You feel very sick.
The orc throws a poisoned dart.
The poisoned dart barely misses you.
Casting: Magic Dart (safe; 1% risk of failure)
Confirm with . or Enter, or press ? or * to list all spells.
You don't have enough magic to cast that spell.
Unknown command.
Casting: Magic Dart (safe; 1% risk of failure)
Confirm with . or Enter, or press ? or * to list all spells.
Aiming: Magic Dart (safe; 1% risk of failure)
Press: ? - help, Shift-Dir - straight line The magic dart hits the orc.
The orc is heavily wounded.
* * * LOW HITPOINT WARNING * * *
You feel very sick.
The bullfrog skeleton is engulfed in blazing flames.
Casting: Magic Dart (safe; 1% risk of failure)
Confirm with . or Enter, or press ? or * to list all spells.
Aiming: Magic Dart (safe; 1% risk of failure)
Press: ? - help, Shift-Dir - straight line, f - you That beam is likely to hit you.
Continue anyway?
Okay, then.
Unknown command.
Casting: Magic Dart (safe; 1% risk of failure)
Confirm with . or Enter, or press ? or * to list all spells.
Aiming: Magic Dart (safe; 1% risk of failure)
Press: ? - help, Shift-Dir - straight line The magic dart hits the orc!
You kill the orc!
You die...

##........#.##...).
...........####..)<.
..........####...÷.
...........##......
..(.......##...#...
.☼.§...........#... #
#Z#......#.##..... ). ##
#☼#......#........ .oo#.#
#♣#......#..#..... .
....##)..........#.....
....#..#).....###........
.............## ##.#...##
#...#....##...####[.#...#
# ###.....#.......###.#
#......#..#.....##..
#..##...#..#.....##.# ...
#.....#..........


You could see a bullfrog skeleton.

Vanquished Creatures
  An orc priest (D:4)
  An orc wizard (D:4)
  Natasha (D:2)
  A hound skeleton (D:4)
  2 gnolls (D:2)
  A dart slug (D:1)
  A leopard gecko (D:3)
  8 orcs
  2 ball pythons
  2 bats (D:3)
  2 giant cockroaches (D:1)
  4 goblins
  3 hobgoblins
  3 jackals
  2 frilled lizards
  2 kobolds
  7 rats
43 creatures vanquished.

Vanquished Creatures (collateral kills)
  A gnoll (D:1)
1 creature vanquished.

Grand Total: 44 creatures vanquished

Notes
Turn   | Place    | Note
-------+----------+-------------------------------------------
     0 | D:1      | Amnesiac the Deep Elf Wizard began the quest for the Orb.
     0 | D:1      | Reached XP level 1. HP: 10/10 MP: 7/7
   371 | D:2      | Reached XP level 2. HP: 15/15 MP: 7/9
   381 | D:2      | Learned a level 2 spell: Call Imp
   384 | D:2      | Learned a level 2 spell: Slow
   817 | D:1      | Reached XP level 3. HP: 19/19 MP: 9/11
   821 | D:1      | Learned a level 2 spell: Blink
   825 | D:1      | Learned a level 3 spell: Conjure Flame
   868 | D:2      | Noticed Natasha
   874 | D:2      | Killed Natasha
  1175 | D:2      | Reached XP level 4. HP: 24/24 MP: 3/12
  1316 | D:2      | Found a bloodstained altar of Trog.
  1316 | D:2      | Found a shimmering altar of Xom.
  1316 | D:2      | Found a sacrificial altar of Ru.
  1507 | D:3      | Found an iron altar of Okawaru.
  1681 | D:4      | Reached XP level 5. HP: 17/28 MP: 0/14
  1698 | D:4      | HP: 2/42 [poisoned by an orc]
  1699 | D:4      | Succumbed to an orc's poison

Levels and vault maps discovered:
D:1:      denvon_arrival_planthouse, layout_basic
D:2:      layout_rooms, grunt_temple_overflow_open, grunt_qazlal_clouds,
          uniq_natasha, uniq_sigmund
D:3:      layout_basic, nicolae_overflow_hidden_temple, marbit_many_paths,
          nicolae_overflow_crystal_walls, lemuel_another_geyser
D:4:      layout_cave_pools, first_ration, uniq_grinder

Skill      XL: |  1  2  3  4 |
---------------+-------------+-----
Conjurations   | 2 4 |  4.8
Stealth        | 3 |  3.0
Dodging        | 3 |  3.2
Fighting       | |  0.4
Spellcasting   | |  4.7
Summonings     | |  1.1
Translocations | |  1.1

Action                   |  1- 3 |  4- 6 || total
-------------------------+-------+-------++-------
Melee: Unarmed           |    21 |       ||    21
       Dagger            |       |    13 ||    13
 Cast: Magic Dart        |    57 |    30 ||    87
       Call Imp          |     6 |       ||     6
       Blink             |     1 |       ||     1
       Slow              |       |     3 ||     3
  Use: Potion            |       |     3 ||     3
       Scroll            |       |     4 ||     4
 Stab: Sleeping          |       |     3 ||     3
  Eat: Chunk             |     1 |     1 ||     2
Armor: Robe              |    15 |     1 ||    16
       Skin              |       |    10 ||    10
Dodge: Dodged            |    53 |     9 ||    62

Table legend:
 A = Non-vault XP
 B = Vault XP
 C = Vault XP percentage of total XP
 D = Non-vault monster count
 E = Vault monster count
 F = Vault count percentage of total count
                 A         B        C        D         E       F
            +---------+---------+-------+---------+---------+-------
      Total |     208 |      35 |  14.4 |      43 |       1 |   2.3
            +---------+---------+-------+---------+---------+-------
        D:1 |      36 |       0 |   0.0 |      15 |       0 |   0.0
        D:2 |      31 |      35 |  53.0 |       5 |       1 |  16.7
        D:3 |      21 |       0 |   0.0 |      13 |       0 |   0.0
        D:4 |     120 |       0 |   0.0 |      10 |       0 |   0.0
            +---------+---------+-------+---------+---------+-------
